 Dungeon Crawl Stone Soup version 0.32-a0-666-ge8a88695a4 (webtiles) character file.

Game seed: 17496995033235293718

584 pokeman the Magician (level 7, -1/40 HPs)
             Began as a Deep Elf Hedge Wizard on Mar 9, 2024.
             Slain by Duvessa
             ... wielding a +0 short sword
              (12 damage)
             ... on level 4 of the Dungeon.
             The game lasted 00:13:05 (4469 turns).

pokeman the Magician (Deep Elf Hedge Wizard)        Turns: 4469, Time: 00:13:05

Health: -1/40      AC:  2    Str:  7    XL:     7   Next: 14%
Magic:  26/29      EV: 13    Int: 21    God:
Gold:   122        SH:  0    Dex: 14    Spells: 13/21 levels left

rFire   . . .        j - +2 whip (elec)
rCold   . . .        (no shield)
rNeg    . . .        b - +0 robe
rPois   .            c - +0 hat
rElec   .            (no cloak)
rCorr   .            (no gloves)
SInv    .            (no boots)
Will    .....        (no amulet)
Stlth   ++           a - ring of flight
HPRegen 0.26/turn    o - ring of magical power
MPRegen 0.21/turn

%: no passive effects
@: flying
A: no striking features
a: no special abilities


You were on level 4 of the Dungeon.
You visited 1 branch of the dungeon, and saw 4 of its levels.

You collected 122 gold pieces.

Inventory:

Hand Weapons
 j - a +2 whip of electrocution (weapon)
Armour
 b - a +0 robe (worn)
 c - a +0 hat (worn)
Jewellery
 a - a ring of flight (left hand)
 o - a ring of magical power (right hand)
Scrolls
 e - 3 scrolls of poison {unknown}
 h - 6 scrolls of identify {unknown}
 i - a scroll of summoning {unknown}
 k - a scroll of fog {unknown}
 l - a scroll of brand weapon {unknown}
 m - a scroll of immolation {unknown}
 n - a scroll of revelation {unknown}
Potions
 d - a potion of magic
 f - a potion of lignification {unknown}
 g - a potion of berserk rage {unknown}


   Skills:
 - Level 2.2 Fighting
 - Level 2.2 Armour
 - Level 3.0 Dodging
 - Level 3.0 Stealth
 * Level 7.6 Spellcasting
 + Level 3.8 Conjurations
 - Level 1.1 Summonings
 - Level 1.1 Translocations
 + Level 0.5 Air Magic
 + Level 0.0 Alchemy


You had 13 spell levels left.
You knew the following spells:

 Your Spells              Type           Power      Damage    Failure   Level
a - Magic Dart            Conj           96%        1d7       1%          1
b - Mephitic Cloud        Conj/Alch/Air  14%        N/A       14%         3
c - Call Imp              Summ           24%        N/A       8%          2
d - Blink                 Tloc           24%        N/A       8%          2

Your spell library contained the following spells:

 Spells                   Type           Power      Damage    Failure   Level
 Momentum Strike          Conj/Tloc      36%        3d9       4%          2
 Lesser Beckoning         Tloc           24%        N/A       8%          2
 Slow                     Hex            32%        N/A       9%          1
 Cigotuvi's Dreadful Rot  Necr/Alch/Air  16%        N/A       12%         2
 Alistair's Intoxication  Alch           5%         N/A       92%         5
 Borgnjor's Vile Clutch   Necr/Erth      4%         N/A       92%         5
 Eringya's Noxious Bog    Alch           4%         4d6       100%        6


Dungeon Overview and Level Annotations

Branches:
Dungeon (4/15)
 Temple: D:4-7

Altars:

Annotations:
D:4 Dowan, Duvessa, Pikel


Message History

There is a stone staircase leading up, spattered with blood here.
Unknown command.
Duvessa closely misses you. The kobold hits you with a +0 dagger.
The orc closely misses you.
You fly upwards.
There is a stone staircase leading down here.
Unknown command.
Unknown command.
Casting: Mephitic Cloud (dangerous; 14% risk of failure)
Confirm with . or Enter, or press ? or * to list all spells.
Aiming: Magic Dart (safe; 1% risk of failure)
Press: ? - help, Shift-Dir - straight line, f - kobold
Aim: a kobold, wielding a +0 dagger (100% to hit)
The magic dart hits the kobold.
You kill the kobold!
You start resting.
Magic restored.
You start resting.
HP restored.
You fly downwards.
Level annotation: Dowan, Duvessa, Pikel Duvessa hits you with a +0 short sword!
Dowan casts a spell at you. The puff of frost hits you!
Duvessa says, "Where magic fails, the sword succeeds!"
Duvessa hits you with a +0 short sword!
There is a stone staircase leading up, spattered with blood here.
Unknown command.
Casting: Magic Dart (safe; 1% risk of failure)
Confirm with . or Enter, or press ? or * to list all spells.
Aiming: Mephitic Cloud (dangerous; 14% risk of failure)
Press: ? - help, Shift-Dir - straight line The ball explodes into a vile cloud!
The stinking cloud engulfs the orc.
The stinking cloud engulfs Duvessa.
Dowan points at you and mumbles some strange words.
The puff of frost hits you!
* * * LOW HITPOINT WARNING * * *
The orc is engulfed in noxious fumes.
The orc appears confused.
Duvessa hits you with a +0 short sword!
You die...

...........o...
............$..
..$e...........
..o...÷.......
............#
.$...§§☼o..>#
.....o§§....#
#.e...# ##@..##
#####


You could see Duvessa, Dowan, an orc wizard and 2 orcs.

Vanquished Creatures
  Sigmund (D:2)
  3 lemures (D:4)
  4 orc priests
  Jessica (D:2)
  Terence (D:1)
  3 orc wizards (D:3)
  Robin (D:2)
  4 gnolls (D:2)
  2 adders (D:3)
  2 ribbon worms (D:2)
  8 orcs
  5 ball pythons
  8 endoplasms
  6 giant cockroaches
  17 goblins
  13 hobgoblins
  2 jackals
  3 quokkas
  5 bats
  2 frilled lizards
  7 kobolds
  3 rats
101 creatures vanquished.

Vanquished Creatures (collateral kills)
  A lemure (D:4)
  An orc (D:2)
  A goblin (D:2)
  A jackal (D:2)
  A rat (D:1)
5 creatures vanquished.

Grand Total: 106 creatures vanquished

Notes
Turn   | Place    | Note
-------+----------+-------------------------------------------
     0 | D:1      | pokeman the Deep Elf Hedge Wizard began the quest for the
                  | Orb.
     0 | D:1      | Reached XP level 1. HP: 10/10 MP: 7/7
   222 | D:1      | Reached XP level 2. HP: 16/16 MP: 1/9
   643 | D:1      | Reached skill level 5 in Spellcasting
   966 | D:1      | Reached XP level 3. HP: 20/20 MP: 8/11
   970 | D:1      | Learned a level 3 spell: Mephitic Cloud
   973 | D:1      | Learned a level 2 spell: Call Imp
   976 | D:1      | Learned a level 2 spell: Blink
  1256 | D:2      | Noticed Jessica
  1256 | D:2      | Noticed Terence
  1374 | D:1      | Killed Terence
  1375 | D:1      | Reached skill level 1 in Fighting
  1375 | D:1      | Reached skill level 1 in Armour
  1439 | D:2      | Killed Jessica
  1440 | D:2      | Reached XP level 4. HP: 12/25 MP: 5/13
  1713 | D:2      | Reached skill level 6 in Spellcasting
  1846 | D:2      | Reached XP level 5. HP: 29/29 MP: 13/15
  2354 | D:2      | Noticed Robin
  2375 | D:2      | Noticed Sigmund
  2377 | D:2      | Killed Robin
  2539 | D:2      | Killed Sigmund
  2540 | D:2      | Reached skill level 7 in Spellcasting
  2540 | D:2      | Reached XP level 6. HP: 27/35 MP: 10/18
  2644 | D:2      | You are sucked into a shaft and drop 2 floors!
  2649 | D:4      | Noticed Dowan
  3978 | D:4      | Reached XP level 7. HP: 28/40 MP: 12/20
  4046 | D:4      | Noticed Pikel
  4290 | D:4      | Noticed Duvessa
  4469 | D:4      | Slain by Duvessa

Illustrated notes

Levels and vault maps discovered:
D:1:      dpeg_arrival_rooms_with_view, layout_basic
D:2:      layout_rooms, nrook_mini_vaults, uniq_sigmund, uniq_jessica,
          uniq_terence, uniq_robin
D:3:      layout_loops_ring
D:4:      layout_rooms, uniq_pikel, uniq_duvessa

Skill      XL: |  1  2  3  4  5  6  7 |
---------------+----------------------+-----
Spellcasting   | 5 6 7 |  7.6
Fighting       | 1 2 |  2.2
Armour         | 1 2 |  2.2
Conjurations   | 2 3 |  3.8
Stealth        | 3 |  3.0
Dodging        | 3 |  3.0
Summonings     | |  1.1
Translocations | |  1.1
Air Magic      | |  0.5

Action                     |  1- 3 |  4- 6 |  7- 9 || total
---------------------------+-------+-------+-------++-------
  Melee: Dagger            |    18 |    59 |       ||    77
         Whip              |       |    28 |    24 ||    52
   Cast: Magic Dart        |    73 |   130 |    18 ||   221
         Mephitic Cloud    |     3 |    13 |     5 ||    21
         Call Imp          |     1 |     5 |     1 ||     7
         Blink             |     1 |     1 |     1 ||     3
   Stab: Confused          |     1 |    11 |     2 ||    14
 Armour: Robe              |    16 |    48 |    24 ||    88
  Dodge: Dodged            |    19 |    63 |    14 ||    96

Table legend: (Time is in decaauts)
 A = Elapsed time spent in this place.
 B = Non-inter-level travel time spent in this place.
 C = Inter-level travel time spent in this place.
 D = Time resting spent in this place.
 E = Time spent auto-exploring this place.
 F = Levels seen in this place.
 G = Mean time per level.
                   A        B        C        D        E       F      G
               +--------+--------+--------+--------+--------+-----+--------+
         Total |   4481 |   4337 |    144 |    716 |   2878 |   4 | 1120.2 |
       Dungeon |   4481 |   4337 |    144 |    716 |   2878 |   4 | 1120.2 |
               +--------+--------+--------+--------+--------+-----+--------+

Top non-repeatable levels by time:
     D:1: 1756 daAuts
     D:3: 1254 daAuts
     D:2: 1169 daAuts
     D:4: 301 daAuts
